 Dungeon Crawl Stone Soup version 0.21-a0-531-gacddea6 (webtiles) character file.

64 sugabear the Ruffian (level 4, 0/34 HPs)
             Began as a Gnoll Wanderer on Dec 13, 2017.
             Slain by a gnoll (5 damage)
             ... on level 1 of the Dungeon.
             The game lasted 00:01:31 (1036 turns).

sugabear the Ruffian (Gnoll Wanderer)               Turns: 1036, Time: 00:01:31

Health: 0/34       AC:  5    Str: 23    XL:     4   Next: 12%
Magic:  5/5        EV: 12    Int: 14    God:
Gold:   16         SH:  0    Dex: 14    Spells: 5/5 levels left

rFire    . . .     SeeInvis .     - Unarmed
rCold    . . .     Gourm    .   (no shield)
rNeg     . . .     Faith    .   d - +0 ring mail
rPois    .         Spirit   .   (no helmet)
rElec    .         Reflect  .   (no cloak)
rCorr    .         Harm     .   (no gloves)
MR       .....                  (no boots)
Stlth    ++........             (no amulet)
HPRegen  0.11/turn              i - +4 ring of strength
MPRegen  0.09/turn              j - +3 ring of strength

@: no status effects
A: distributed training, fangs 1, strong nose
a: no special abilities


You were on level 1 of the Dungeon.
You were hungry.

You visited 1 branch of the dungeon, and saw 2 of its levels.

You collected 16 gold pieces.

Inventory:

Hand Weapons
 a - a +2 dagger
Armour
 d - a +0 ring mail (worn)
Jewellery
 i - a +4 ring of strength (left hand)
 j - a +3 ring of strength (right hand)
Scrolls
 c - a scroll of teleportation
 e - a scroll of fear {unknown}
 h - a scroll of enchant armour {unknown}
 l - a scroll of remove curse {unknown}
Potions
 b - a potion of heal wounds
 g - a potion of curing {unknown}
Comestibles
 f - a bread ration


   Skills:
 + Level 2.7 Fighting
 + Level 1.0 Short Blades
 + Level 1.0 Long Blades
 + Level 1.0 Axes
 + Level 4.6 Maces & Flails
 + Level 1.0 Polearms
 + Level 1.0 Staves
 + Level 1.0 Slings
 + Level 1.0 Bows
 + Level 1.0 Crossbows
 + Level 2.7 Throwing
 + Level 2.7 Armour
 + Level 2.7 Dodging
 + Level 4.2 Stealth
 + Level 1.0 Shields
 + Level 4.6 Unarmed Combat
 + Level 1.0 Spellcasting
 + Level 0.7 Conjurations
 + Level 0.7 Hexes
 + Level 0.7 Charms
 + Level 0.7 Summonings
 + Level 0.7 Necromancy
 + Level 0.7 Translocations
 + Level 0.7 Transmutations
 + Level 0.7 Fire Magic
 + Level 0.7 Ice Magic
 + Level 0.7 Air Magic
 + Level 0.7 Earth Magic
 + Level 0.7 Poison Magic
 + Level 1.1 Invocations
 + Level 1.0 Evocations


You had 5 spell levels left.
You didn't know any spells.

Dungeon Overview and Level Annotations

Branches:
Dungeon (2/15)

Altars:


Innate Abilities, Weirdness & Mutations

Your experience applies equally to all skills.
You have very sharp teeth.
Your uncanny sense of smell can sniff out nearby items.


Message History

Your Short Blades skill increases to level 1!
Your Long Blades skill increases to level 1!
Your Axes skill increases to level 1!
Your Polearms skill increases to level 1!
Your Staves skill increases to level 1!
Your Slings skill increases to level 1!
Your Bows skill increases to level 1!
Your Crossbows skill increases to level 1!
Your Shields skill increases to level 1!
Your Spellcasting skill increases to level 1!
Your Evocations skill increases to level 1!
You hit the gnoll.
The gnoll is almost dead.
The gnoll hits you.
* * * LOW HITPOINT WARNING * * *
You punch the gnoll!
You kill the gnoll!
You have reached level 4!
You feel agile.
You hit the gnoll but do no damage. The gnoll hits you.
You die...

### ### #.# #.# #.#
#######.#####.####
...............g@#
#######.##..#+####
#######........#
...............#
#.###..........####
#.###..........##.#
...............##.#
...#)#...††....##.#
.).#..(...#######.#


You could see a gnoll.

Vanquished Creatures
  2 gnolls (D:1)
  2 adders (D:2)
  A dart slug (D:1)
  3 goblins (D:1)
  3 hobgoblins (D:1)
  6 bats
  4 frilled lizards
  2 kobolds (D:1)
  5 rats (D:1)
28 creatures vanquished.

Notes
Turn   | Place    | Note
-------+----------+-------------------------------------------
     0 | D:1      | sugabear the Gnoll Wanderer began the quest for the Orb.
     0 | D:1      | sugabear set off with: a +2 dagger, a potion of heal wounds, a scroll of teleportation, a +0 ring mail, a bread ration
     0 | D:1      | Reached XP level 1. HP: 17/17 MP: 1/1
   147 | D:1      | Reached XP level 2. HP: 23/23 MP: 2/2
   433 | D:1      | Reached XP level 3. HP: 23/28 MP: 3/3
   554 | D:2      | Reached skill level 1 in Invocations
  1033 | D:1      | Reached skill level 1 in Short Blades
  1033 | D:1      | Reached skill level 1 in Long Blades
  1033 | D:1      | Reached skill level 1 in Axes
  1033 | D:1      | Reached skill level 1 in Polearms
  1033 | D:1      | Reached skill level 1 in Staves
  1033 | D:1      | Reached skill level 1 in Slings
  1033 | D:1      | Reached skill level 1 in Bows
  1033 | D:1      | Reached skill level 1 in Crossbows
  1033 | D:1      | Reached skill level 1 in Shields
  1033 | D:1      | Reached skill level 1 in Spellcasting
  1033 | D:1      | Reached skill level 1 in Evocations
  1035 | D:1      | Reached XP level 4. HP: 5/34 MP: 5/5
  1036 | D:1      | Slain by a gnoll

Vault maps used:
D:1:      nzn_arrival_water_spiral
D:2:      gammafunk_temple_overflow_pools, first_bread, minivault_27

Skill      XL: |  1  2  3 |
---------------+----------+-----
Invocations    | 1 |  1.1
Short Blades   | 1 |  1.0
Long Blades    | 1 |  1.0
Axes           | 1 |  1.0
Polearms       | 1 |  1.0
Staves         | 1 |  1.0
Slings         | 1 |  1.0
Bows           | 1 |  1.0
Crossbows      | 1 |  1.0
Shields        | 1 |  1.0
Spellcasting   | 1 |  1.0
Evocations     | 1 |  1.0
Fighting       | |  2.7
Maces & Flails | |  4.6
Throwing       | |  2.7
Armour         | |  2.7
Dodging        | |  2.7
Stealth        | |  4.2
Unarmed Combat | |  4.6
Conjurations   | |  0.7
Hexes          | |  0.7
Charms         | |  0.7
Summonings     | |  0.7
Necromancy     | |  0.7
Translocations | |  0.7
Transmutations | |  0.7
Fire Magic     | |  0.7
Ice Magic      | |  0.7
Air Magic      | |  0.7
Earth Magic    | |  0.7
Poison Magic   | |  0.7

Action                   |  1- 3 |  4- 6 || total
-------------------------+-------+-------++-------
Melee: Unarmed           |   113 |     1 ||   114
       Bite              |    12 |       ||    12
       Punch             |     2 |       ||     2
 Stab: Sleeping          |     1 |       ||     1
Armor: Ring mail         |    40 |       ||    40
Dodge: Dodged            |    64 |       ||    64

Table legend:
 A = Spawn XP
 B = Non-spawn XP
 C = Spawn XP percentage of total XP
 D = Spawn monster count
 E = Non-spawn monster count
 F = Spawn count percentage of total count
 G = Total turns spent on level
                    A         B        C        D         E        F      G
               +---------+---------+-------+---------+---------+-------+---------
         Total |       0 |      92 |   0.0 |       0 |      28 |   0.0 |  1036
               +---------+---------+-------+---------+---------+-------+---------
           D:1 |       0 |      64 |   0.0 |       0 |      24 |   0.0 |   727
           D:2 |       0 |      28 |   0.0 |       0 |       4 |   0.0 |   309
               +---------+---------+-------+---------+---------+-------+---------
